 Dungeon Crawl Stone Soup version 0.31.0-32-g396128a36d (webtiles) character file.

Game seed: 10702523437215204657

234544 Henri the Warrior (level 19, -1/134 HPs)
             Began as a Gargoyle Fighter on Apr 1, 2024.
             Was the Champion of Zin.
             Shot with an arrow by a deep elf knight (4 damage)
             ... summoned by a boggart
             ... on level 1 of the Elven Halls.
             The game lasted 01:54:21 (44840 turns).

Henri the Warrior (Gargoyle Fighter)               Turns: 44840, Time: 01:54:21

Health: -1/134     AC: 49    Str: 34    XL:     19   Next: 60%
Magic:  36/36      EV: 11    Int: 11    God:    Zin [******]
Gold:   2500       SH: 20    Dex:  9    Spells: 18/18 levels left

rFire   . . .        g - +3 morningstar (protect)
rCold   + . .        a - +2 kite shield {rC+}
rNeg    + + +        T - +2 chain mail {rPois}
rPois   ∞            J - +2 helmet {SInv}
rElec   +            N - +0 cloak of Death's Door {rN+ Str+2}
rCorr   .            R - +0 pair of gloves
SInv    +            U - +3 pair of seven-league boots {Rampage+∞}
Will    +....        s - amulet of reflection
Stlth   +            h - +6 ring of strength
HPRegen 0.42/turn    l - ring "Yttudex" {rPois rN+ MP+9}
MPRegen 0.25/turn

%: reflection, rampage+∞
@: on fire, under a protective aura, flying, glowing, studying Stealth
A: sickness immunity, AC +14, big wings, negative energy resistance 1,
electricity resistance, torment resistance 1, petrification resistance
}: 1/15 runes: serpentine
a: Renounce Religion, Recite, Vitalisation, Imprison, Sanctuary, Donate Gold


You were on level 1 of the Elven Halls.
You worshipped Zin.
Zin was exalted by your worship.
You visited 7 branches of the dungeon, and saw 32 of its levels.
You also visited: Ice Cave and Wizlab.

You collected 3189 gold pieces.
You spent 457 gold pieces at shops.
You donated 232 gold pieces to Zin.

Inventory:

Hand Weapons
 g - a +3 morningstar of protection (weapon)
 y - the +4 flail "Wulajea" {freeze, rCorr Dex+5}
   (You found it on level 3 of the Snake Pit)

   Dex+5:     It affects your dexterity (+5).
   rCorr:     It protects you from acid and corrosion.
Missiles
 c - 9 javelins (quivered)
 E - 5 throwing nets
 V - 8 silver javelins
Armour
 a - a +2 kite shield of cold resistance (worn)
 D - a +2 ring mail of fire resistance
 J - a +2 helmet of see invisible (worn)
 N - the +0 cloak of Death's Door (worn) {rN+ Str+2}
   (You found it on level 8 of the Dungeon)

   Str+2:     It affects your strength (+2).
   rN+:       It protects you from negative energy.
 R - a +0 pair of gloves (worn)
 T - a +2 chain mail of poison resistance (worn)
 U - the +3 pair of seven-league boots (worn) {Rampage+∞}
   (You found it on level 3 of the Lair of Beasts)

   Rampage+∞: When moving toward enemies, its wearer moves as far as possible,
   alerting their target en route.
Jewellery
 h - a +6 ring of strength (left hand)
 l - the ring "Yttudex" (right hand) {rPois rN+ MP+9}
   (You found it on level 13 of the Dungeon)

   [ring of magical power]

   rPois:     It protects you from poison rN+: It protects you from negative
   energy.
   MP+9:      It affects your magic capacity (+9).
 m - a ring of protection from cold
 p - a ring of protection from fire
 s - an amulet of reflection (around neck)
 W - a ring of fire
Wands
 d - a wand of flame (96)
 n - a wand of paralysis (18)
 H - a wand of digging (8)
 L - a wand of roots (19)
 Q - a wand of acid (14)
 S - a wand of mindburst (19)
Scrolls
 b - a scroll of torment
 e - 16 scrolls of teleportation
 k - 10 scrolls of blinking
 o - 5 scrolls of revelation
 t - 5 scrolls of identify
 v - 6 scrolls of enchant armour
 x - 3 scrolls of silence
 z - 4 scrolls of poison
 B - 9 scrolls of fog
 F - 4 scrolls of enchant weapon
 I - a scroll of immolation
 M - 3 scrolls of fear
 Y - 2 scrolls of butterflies
Potions
 f - 2 potions of mutation
 i - a potion of cancellation
 j - 5 potions of attraction
 q - a potion of magic
 r - 6 potions of brilliance
 u - 2 potions of ambrosia
 w - 5 potions of might
 A - a potion of resistance
 C - a potion of curing
 G - a potion of berserk rage
 K - 6 potions of haste
 P - a potion of invisibility


   Skills:
 + Level 19.7 Fighting
 - Level 18.0 Maces & Flails
 + Level 16.4 Armour
 - Level 5.0 Dodging
 - Level 10.0 Stealth
 + Level 16.4 Shields
 + Level 11.9 Invocations


You had 18 spell levels left.
You didn't know any spells.
Your spell library contained the following spells:

 Spells                   Type           Power      Damage    Failure   Level
 Foxfire                  Conj/Fire      0%         2x1d4     73%         1
 Magic Dart               Conj           0%         1d3       73%         1
 Sting                    Conj/Alch      0%         1d3       73%         1
 Blink                    Tloc           0%         N/A       86%         2
 Call Imp                 Summ           0%         N/A       86%         2
 Ensorcelled Hibernation  Hex/Ice        0%         N/A       86%         2
 Lesser Beckoning         Tloc           0%         N/A       86%         2
 Mercury Vapours          Alch/Air       0%         N/A       86%         2
 Static Discharge         Conj/Air       0%         3-3/arc   86%         2
 Dazzling Flash           Conj/Hex       0%         N/A       97%         3
 Frozen Ramparts          Ice            0%         1d1       97%         3
 Fugue of the Fallen      Necr           0%         N/A       97%         3
 Gell's Gravitas          Tloc           0%         N/A       97%         3
 Hailstorm                Conj/Ice       0%         3d5       97%         3
 Inner Flame              Hex/Fire       0%         N/A       97%         3
 Passwall                 Erth           0%         N/A       97%         3
 Summon Ice Beast         Ice/Summ       0%         N/A       97%         3
 Swiftness                Air            0%         N/A       97%         3
 Teleport Other           Tloc           0%         N/A       97%         3
 Tukima's Dance           Hex            0%         N/A       97%         3
 Volatile Blastmotes      Fire/Tloc      0%         2d10      97%         3
 Airstrike                Air            0%         2d(0-16)  100%        4
 Anguish                  Hex/Necr       0%         N/A       100%        4
 Brom's Barrelling Bould  Conj/Erth      0%         2d3       100%        4
 Cause Fear               Hex            0%         N/A       100%        4
 Flame Wave               Conj/Fire      0%         2d4       100%        4
 Ignite Poison            Fire/Alch      0%         N/A       100%        4
 Leda's Liquefaction      Alch/Erth      0%         N/A       100%        4
 Olgreb's Toxic Radiance  Alch           0%         N/A       100%        4
 Passage of Golubria      Tloc           0%         N/A       100%        4
 Petrify                  Alch/Erth      0%         N/A       100%        4
 Sticky Flame             Fire/Alch      0%         2d4       100%        4
 Summon Lightning Spire   Summ/Air       0%         N/A       100%        4
 Fireball                 Conj/Fire      0%         3d3       100%        5
 Freezing Cloud           Conj/Ice/Air   0%         6-21      100%        5
 Irradiate                Conj/Alch      0%         3d11      100%        5
 Iskenderun's Battlesphe  Conj           0%         2d6       100%        5
 Metabolic Englaciation   Hex/Ice        0%         N/A       100%        5
 Yara's Violent Unravell  Hex/Alch       0%         3d3       100%        5
 Conjure Ball Lightning   Conj/Air       0%         3x3d6     100%        6
 Plasma Beam              Fire/Air       0%         2x1d10    100%        6
 Sculpt Simulacrum        Ice/Alch       0%         N/A       100%        6
 Starburst                Conj/Fire      0%         6d3       100%        6
 Enfeeble                 Hex            0%         N/A       100%        7
 Orb of Destruction       Conj           0%         9d5       100%        7
 Maxwell's Capacitive Co  Air            0%         ∞         100%        8
 Cigotuvi's Dreadful Rot  Necr/Alch/Air  Unusable   N/A       N/A         2

Dungeon Overview and Level Annotations

Branches:
Dungeon (15/15)            Temple (1/1) D:6            Lair (5/5) D:11
 Shoals (3/4) Lair:2        Snake (4/4) Lair:3        Slime (0/5) Lair:4
    Orc (2/2) D:12            Elf (2/3) Orc:2        Vaults (0/5) D:13
 Depths (0/4) D:15          IceCv (visited)          WizLab (visited)

Altars:
Ashenzari
Cheibriados
Dithmenos
Elyvilon
Fedhas
Gozag
Hepliaklqana
Kikubaaqudgha
Makhleb
Nemelex Xobeh
Okawaru
Qazlal
Ru
Sif Muna
Trog
Uskayaw
Vehumet
Wu Jian
Xom
Yredelemnul
Zin
The Shining One
Jiyva

Shops:
D:2 !   D:6 (   D:7 [   D:12 (   Orc:2 =!*   Shoals:2 (   Snake:3 (


Innate Abilities, Weirdness & Mutations

You are immune to sickness and miasma.
Your stone body is resilient. (AC +14)
You are immune to poison.
Your large and strong wings let you fly.
You resist negative energy. (rN+)
You are resistant to electric shocks. (rElec)
You are resistant to unholy torment.
You are immune to petrification.


Message History

The deep elf zephyrmancer is heavily wounded.
The liquid fire burns you!
The deep elf archer hits you but does no damage.
Unknown command.
You shake off some of the fire as you move.
The liquid fire burns you!
* * * LOW HITPOINT WARNING * * *
The deep elf zephyrmancer attacks as it pursues you!
You block the deep elf zephyrmancer's attack.
Unknown command.
You impale the deep elf zephyrmancer!!
You kill the deep elf zephyrmancer!
The liquid fire burns you!
* * * LOW HITPOINT WARNING * * *
The deep elf archer mumbles some strange words.
The deep elf archer blinks!
You bludgeon the fire elemental!!
The fire elemental is severely damaged.
The liquid fire burns you!
* * * LOW HITPOINT WARNING * * *
A deep elf sorcerer comes into view.
It is wielding a +2 long sword of protection.
The boggart mumbles some strange words.
The boggart flickers and vanishes for a moment.
The fire elemental completely misses you.
Okay, then.
Blink to where?
Press: ? - help, Dir - move target
As you read the scroll of blinking, it crumbles to dust.
The liquid fire burns you!
* * * LOW HITPOINT WARNING * * *
The fire elemental barely misses you.
The deep elf pyromancer gestures at you while chanting.
The bolt of fire hits you!
* * * LOW HITPOINT WARNING * * *
The bolt of fire hits the fire elemental.
The fire elemental completely resists.
The deep elf knight unwields a +0 scimitar.
The deep elf knight wields a +0 shortbow.
The deep elf knight shoots an arrow.
The arrow hits you.
You die...

#.## #### '##
###..# ## ###....#
.# ###......# .#
#........# .#
#.)....# ##
##§#....##### #
##E##'#....E°#
##°###.######@####
##.## #.#
#..°ge○§# ##°##
#.# #.e..E###
##)## #.#..e..##e
#e## #.....## e.
e## #...## e.# ##
#..# ..#
#######p...# ..#
.'e)e.g...# ###


You could see a deep elf sorcerer, a deep elf archer (summoned, repels
missiles), a deep elf knight (summoned), a deep elf pyromancer (summoned), 2
deep elf zephyrmancers, 2 fire elementals and a boggart (invisible).

Vanquished Creatures
  A dread lich (WizLab)
  Saint Roka (Snake:4)
  Mlioglotl (Snake:1)
  A kraken (Shoals:2)
  2 nagarajas (Snake:4)
  Agnes (Snake:4)
  Roxanne (Shoals:1)
  Donald (Shoals:1)
  A deep elf sorcerer (Elf:2)
  A stone giant (D:15)
  A deep elf death mage (Elf:1)
  A deep elf annihilator (Elf:1)
  A minotaur (Lair:1)
  A deep elf demonologist (Elf:1)
  A merfolk impaler (Shoals:3)
  A mummy priest (WizLab)
  A deep elf high priest (Elf:1)
  A fire dragon (Lair:5)
  Josephine (Lair:5)
  A rakshasa (D:15)
  2 salamander tyrants (Snake:4)
  The ghost of syranez the Destroyer, a journeyman DgEE (Lair:1)
  6 hydras
  2 ogre magi
  4 vault guards (D:13)
  A merfolk avatar (Shoals:3)
  8 two-headed ogres
  11 centaur warriors
  A merfolk aquamancer (Shoals:2)
  2 death knights
  2 anacondas (Snake:1)
  12 naga warriors
  15 death yaks
  3 satyrs
  4 dancing weapons
  4 boulder beetles
  5 tengu warriors
  15 naga sharpshooters
  3 orc high priests (Orc:2)
  Urug (D:12)
  The ghost of H0rd4k the Martial Artist, a novice OpAr of Gozag (D:8)
  3 shock serpents
  3 deep elf knights
  3 salamander mystics
  A death drake (shapeshifter) (Elf:1)
  A golden dragon zombie (WizLab)
  5 skysharks
  6 skeletal warriors
  An anaconda zombie (Snake:1)
  8 sea snakes
  6 spectral anacondas (Snake:1)
  An arcanist (D:15)
  3 mana vipers
  2 phantasmal warriors
  5 naga ritualists
  A swamp dragon (Lair:5)
  5 deep elf archers
  A necromancer (D:15)
  2 anaconda skeletons (Snake:1)
  2 fire giant zombies (WizLab)
  14 deep elf zephyrmancers
  11 deep elf pyromancers
  An iron dragon zombie (WizLab)
  6 orc knights
  11 harpies
  21 ugly things
  7 orc sorcerers
  2 wolf spiders
  A stone giant zombie (WizLab)
  15 manticores
  12 fauns
  A frost giant zombie (WizLab)
  8 merfolk sirens
  A human zombie (WizLab)
  6 cyclopes
  6 meliai
  2 demonspawn zombies (WizLab)
  2 water nymphs (Shoals:2)
  15 salamanders
  35 black mambas
  2 kobold blastminers (Orc:2)
  24 naga magi
  5 guardian serpents
  14 cane toads
  An ice statue (IceCv)
  Maggie (Lair:2)
  2 gargoyles
  2 spriggan zombies (WizLab)
  A spectral unseen horror (D:8)
  7 rime drakes
  A freezing wraith (D:14)
  6 komodo dragons
  2 kobold demonologists
  4 anaconda simulacra (Snake:1)
  2 efreet (D:15)
  A tengu conjurer (D:13)
  3 guardian mummies (WizLab)
  4 wind drakes
  5 trolls
  10 merfolk
  7 polar bears
  6 hornets
  7 snapping turtles
  28 blink frogs
  24 dream sheep
  A raiju (shapeshifter) (Elf:2)
  17 slime creatures
  A shadow (D:6)
  4 wraiths
  3 air elementals
  Sigmund (D:2)
  14 wyverns
  3 vampires
  9 water elementals
  A yak (shapeshifter) (D:8)
  5 wargs
  4 fire elementals
  7 humans (D:13)
  An unseen horror simulacrum (D:8)
  51 yaks
  2 redbacks (Lair:5)
  4 vampire mosquitoes (D:12)
  8 basilisks
  2 steam dragons (D:8)
  The ghost of po7itron the Chopper, an amateur DsGl (D:4)
  5 acid dragons
  42 nagas
  An elf zombie (WizLab)
  A glowing shapeshifter zombie (WizLab)
  23 water moccasins
  Duvessa (D:4)
  2 black bears (D:6)
  3 swamp drakes (Lair:5)
  A sky beast (D:7)
  6 laughing skulls
  17 orc warriors
  6 ogres
  22 wolves
  8 centaurs
  8 bullfrogs
  2 kobold brigands
  2 earth elementals
  A gnoll sergeant (D:5)
  14 wights
  Dowan (D:4)
  13 killer bees
  4 bombardier beetles (D:4)
  7 howler monkeys
  6 electric eels
  11 orc priests
  4 hounds
  A jelly (D:6)
  3 gnoll boudas
  A centaur skeleton (D:8)
  A sleepcap (D:4)
  4 iguanas
  Ijyb (D:4)
  24 orc wizards
  A spectral killer bee (D:8)
  23 gnolls
  6 adders
  A shadow imp (D:7)
  3 ribbon worms
  47 orcs
  4 ball pythons
  5 bats
  12 endoplasms
  A giant cockroach (D:1)
  5 goblins
  7 hobgoblins
  9 jackals
  7 quokkas
  2 frilled lizards
  9 kobolds
  2 tentacles (Shoals:2)
1058 creatures vanquished.

Vanquished Creatures (others)
  Nikola (Snake:4)
  A vault guard (D:13)
  A naga warrior (Snake:4)
  An occultist (Elf:1)
  A deep elf knight (Elf:2)
  A spectral anaconda (Snake:1)
  An anaconda zombie (Snake:1)
  A deep elf archer (Elf:1)
  A deep elf pyromancer (Elf:1)
  2 water elementals
  3 nagas (Snake:4)
  2 orc wizards
  An orc (Snake:4)
  10 tentacles (Shoals:2)
27 creatures vanquished.

Grand Total: 1085 creatures vanquished

Notes
Turn   | Place    | Note
-------+----------+-------------------------------------------
     0 | D:1      | Henri the Gargoyle Fighter began the quest for the Orb.
     0 | D:1      | Reached XP level 1. HP: 14/14 MP: 1/1
   223 | D:1      | Reached XP level 2. HP: 19/19 MP: 2/2
   248 | D:1      | Found a faded altar of an unknown god.
   627 | D:2      | Reached XP level 3. HP: 23/23 MP: 3/3
   729 | D:2      | Found Napup's Distillery.
   908 | D:2      | Reached XP level 4. HP: 24/28 MP: 4/4
   936 | D:2      | Bought a potion of curing for 33 gold pieces
  1053 | D:2      | Noticed Sigmund
  1482 | D:2      | Reached XP level 5. HP: 31/32 MP: 5/5
  1701 | D:2      | Reached skill level 5 in Maces & Flails
  2143 | D:3      | Found a broken altar of Ashenzari.
  2363 | D:3      | Found a white marble altar of Elyvilon.
  2368 | D:3      | Became a worshipper of Elyvilon the Healer
  2569 | D:4      | Found a hide-covered altar of Uskayaw.
  2569 | D:4      | Noticed a +0 short sword
  2577 | D:4      | Noticed a +0 spear
  2578 | D:4      | Noticed a +0 spear
  2578 | D:4      | Noticed a +0 dagger
  2578 | D:4      | Noticed a +0 falchion
  2578 | D:4      | Noticed a +0 dagger
  2579 | D:4      | Noticed a +0 falchion
  2581 | D:4      | Noticed a +0 short sword
  2685 | D:4      | Found a large runed translucent door.
  2686 | D:4      | Found a large runed translucent door.
  2687 | D:4      | Noticed po7itron's ghost (amateur DsGl)
  2732 | D:4      | Noticed a water moccasin
  2741 | D:4      | Killed a water moccasin
  2742 | D:4      | Reached skill level 4 in Fighting
  2742 | D:4      | Reached XP level 6. HP: 38/38 MP: 6/6
  2909 | D:4      | Noticed Dowan
  3097 | D:4      | Noticed Duvessa
  3114 | D:4      | Killed Duvessa
  3115 | D:4      | Reached XP level 7. HP: 17/44 MP: 7/7
  3282 | D:4      | Killed Dowan
  3380 | D:4      | Reached * piety under Elyvilon
  3388 | D:4      | Noticed Ijyb
  3404 | D:4      | Killed Ijyb
  3702 | D:4      | Found a shimmering blue altar of Sif Muna.
  3902 | D:5      | Entered Level 5 of the Dungeon
  3908 | D:5      | Found a bloodstained altar of Trog.
  3944 | D:5      | Found a glowing silver altar of Zin.
  3954 | D:5      | Fell from the grace of Elyvilon
  3954 | D:5      | Became a worshipper of Zin the Law-Giver
  3954 | D:5      | Reached * piety under Zin
  3984 | D:5      | Reached ** piety under Zin
  4032 | D:5      | Reached skill level 5 in Fighting
  4088 | D:5      | Reached skill level 5 in Armour
  4285 | D:5      | Reached XP level 8. HP: 49/49 MP: 8/8
  4560 | D:5      | You fall into a shaft and drop 2 floors!
  4634 | D:7      | Found a sparkling altar of Nemelex Xobeh.
  4711 | D:6      | Noticed a shadow
  4756 | D:7      | Found an iron altar of Okawaru.
  4756 | D:7      | Found a stormy altar of Qazlal.
  4757 | D:7      | Found an opulent altar of Gozag.
  4833 | D:7      | Found a snail-covered altar of Cheibriados.
  4908 | D:7      | Found a transporter.
  5006 | D:6      | Found Wuimeomi's Weapon Emporium.
  5074 | D:5      | Reached skill level 6 in Fighting
  5101 | D:5      | Reached *** piety under Zin
  5275 | D:6      | Reached skill level 5 in Shields
  5358 | D:6      | Found a glowing golden altar of the Shining One.
  5403 | D:6      | Reached XP level 9. HP: 54/56 MP: 9/9
  5611 | D:6      | Found a staircase to the Ecumenical Temple.
  5620 | Temple   | Entered the Ecumenical Temple
  5682 | D:6      | Reached skill level 1 in Invocations
  5972 | D:6      | Found a hazy altar of Hepliaklqana.
  6248 | D:7      | Reached skill level 7 in Fighting
  6270 | D:7      | Found Gougg's Antique Armour Shop.
  6273 | D:7      | Bought a glowing helmet for 187 gold pieces
  6291 | D:7      | Found a transporter.
  6752 | D:7      | Reached skill level 10 in Maces & Flails
  6898 | D:8      | Found a runed translucent gate.
  6898 | D:8      | Noticed a spectral unseen horror
  6899 | D:8      | Found a runed translucent gate.
  6899 | D:8      | Found a runed translucent gate.
  6914 | D:8      | Identified the +0 cloak of Death's Door {rN+ Str+2}
  7073 | D:8      | Noticed a two-headed ogre
  7296 | D:8      | Reached XP level 10. HP: 60/64 MP: 12/12
  7500 | D:8      | Reached **** piety under Zin
  7512 | D:8      | Reached skill level 8 in Fighting
  7651 | D:8      | Noticed a kobold demonologist
  7673 | D:8      | Killed a kobold demonologist
  7802 | D:8      | Noticed a six-headed hydra
  7809 | D:8      | Killed a six-headed hydra
  7905 | D:8      | Reached skill level 5 in Invocations
  8056 | D:8      | Reached skill level 1 in Stealth
  8392 | D:8      | Noticed a centaur warrior
  8414 | D:8      | Killed a centaur warrior
  8415 | D:8      | Reached skill level 9 in Fighting
  8562 | D:8      | Killed a two-headed ogre
  8563 | D:8      | Reached skill level 5 in Stealth
  8610 | D:8      | Reached XP level 11. HP: 71/71 MP: 14/14
  8629 | D:8      | Reached skill level 1 in Dodging
  8757 | D:8      | Noticed H0rd4k's ghost (novice OpAr)
  8839 | D:9      | Found a sacrificial altar of Ru.
  9006 | D:9      | Noticed a centaur warrior
  9021 | D:9      | Killed a centaur warrior
  9966 | D:10     | Entered Level 10 of the Dungeon
 10011 | D:10     | Reached skill level 10 in Fighting
 11098 | D:7      | Bought a heavily runed chain mail for 237 gold pieces
 11098 | D:7      | Identified the +0 chain mail of Moonn {Dex+6 SInv} (You
                  | bought it in a shop on level 7 of the Dungeon)
 11543 | D:11     | Reached ***** piety under Zin
 11556 | D:11     | Noticed a two-headed ogre
 11560 | D:11     | Killed a two-headed ogre
 11698 | D:11     | Found a staircase to the Lair.
 12452 | D:12     | Noticed a purple ugly thing
 12614 | D:12     | Reached XP level 12. HP: 79/79 MP: 15/15
 12741 | D:12     | Reached skill level 11 in Fighting
 12999 | D:12     | Noticed Urug
 13149 | D:12     | HP: 3/80 [manticore (12)]
 13150 | D:12     | Zin protects you from harm!
 13402 | D:12     | Found a staircase to the Orcish Mines.
 13496 | D:12     | Found Xaxyehap's Weapon Boutique.
 13579 | Lair:1   | Entered Level 1 of the Lair of Beasts
 13579 | Lair:1   | Noticed syranez's ghost (journeyman DgEE)
 13788 | D:2      | Killed Sigmund
 13868 | D:4      | Killed po7itron's ghost
 14159 | Lair:1   | Reached skill level 15 in Maces & Flails
 14199 | Lair:1   | Found a runed translucent gate.
 14200 | Lair:1   | Found a runed translucent gate.
 14200 | Lair:1   | Noticed a minotaur
 14394 | Lair:1   | Found a runed translucent gate.
 15412 | Lair:2   | Reached skill level 12 in Fighting
 15478 | Lair:2   | Reached XP level 13. HP: 78/86 MP: 16/16
 15508 | Lair:2   | Found a glowing silver altar of Zin.
 16261 | Lair:2   | Noticed Maggie
 16277 | Lair:2   | Killed Maggie
 16489 | Lair:2   | Reached ****** piety under Zin
 16675 | Lair:2   | Found a staircase to the Shoals.
 17049 | Lair:3   | Found a staircase to the Snake Pit.
 17295 | Lair:3   | Reached skill level 13 in Fighting
 17988 | Lair:3   | Found the +3 pair of seven-league boots {Rampage+∞}
 18269 | Lair:4   | Reached skill level 10 in Armour
 18439 | Lair:4   | Found a viscous altar of Jiyva.
 18439 | Lair:4   | Found a staircase to the Slime Pits.
 18450 | Lair:4   | Gained mutation: Your large and strong wings let you fly.
                  | [Gargoyle growth]
 18450 | Lair:4   | Reached XP level 14. HP: 91/94 MP: 17/17
 19159 | D:12     | Killed Urug
 19322 | Orc:1    | Entered Level 1 of the Orcish Mines
 19328 | Orc:1    | Found a frozen archway.
 19339 | IceCv    | Entered an ice cave
 19862 | IceCv    | Noticed a frost giant
 20226 | IceCv    | Reached skill level 14 in Fighting
 21166 | Orc:2    | Entered Level 2 of the Orcish Mines
 21176 | Orc:2    | Found a staircase to the Elven Halls.
 21176 | Orc:2    | Paralysed by an ogre mage for 5 turns
 21807 | Orc:2    | Paralysed by an ogre mage for 5 turns
 22014 | Orc:2    | Found Xoet's Distillery.
 22326 | Orc:2    | Paralysed by an orc sorcerer for 4 turns
 22347 | Orc:2    | Paralysed by an orc sorcerer for 2 turns
 22750 | Orc:2    | Reached XP level 15. HP: 79/101 MP: 18/18
 22826 | Orc:2    | Found Zusuadgh's Jewellery Shop.
 22827 | Orc:2    | Found Ekaocal's General Store.
 22827 | Orc:2    | Found Pahiug's Distillery.
 22858 | Orc:2    | Reached skill level 15 in Fighting
 22981 | D:13     | Identified the ring "Yttudex" {rPois rN+ MP+9}
 23061 | D:13     | Identified the +7 hand axe of Jareduts {pain, Dex+3}
 23070 | D:13     | Reached skill level 10 in Shields
 23970 | D:13     | Found a gate to the Vaults.
 24089 | D:13     | Found a large runed translucent door.
 24093 | D:13     | Found a large runed translucent door.
 25521 | D:15     | Entered Level 15 of the Dungeon
 26536 | D:15     | Paralysed by an ogre mage for 3 turns
 26549 | D:15     | Reached skill level 16 in Fighting
 26873 | D:15     | Found a staircase to the Depths.
 26965 | D:15     | Reached XP level 16. HP: 93/110 MP: 21/21
 28314 | Lair:5   | Entered Level 5 of the Lair of Beasts
 28380 | Lair:5   | Noticed Josephine
 28388 | Lair:5   | Killed Josephine
 29010 | Lair:5   | Got the Spellbook of Atmospheric Reconfiguration
 30698 | D:8      | Killed H0rd4k's ghost
 30857 | Lair:1   | Reached skill level 17 in Fighting
 30876 | Lair:1   | Killed syranez's ghost
 31003 | D:13     | Paralysed by an air elemental for 1 turns
 31179 | Snake:1  | Entered Level 1 of the Snake Pit
 31270 | Snake:1  | Reached skill level 10 in Invocations
 31395 | Snake:1  | Reached XP level 17. HP: 104/117 MP: 24/24
 31858 | Snake:1  | You are sucked into a shaft and drop 1 floor!
 32774 | Snake:1  | Noticed Mlioglotl
 32789 | Snake:1  | Killed Mlioglotl
 34727 | Snake:3  | Reached skill level 10 in Stealth
 34795 | Snake:3  | Found Hevuek's Weapon Shoppe.
 35038 | Snake:3  | Identified the +4 flail "Wulajea" {freeze, rCorr Dex+5}
 35546 | Shoals:1 | Entered Level 1 of the Shoals
 35688 | Shoals:1 | Identified the +9 rapier "Nooxkiwk" {speed, rC+}
 35762 | Shoals:1 | Reached skill level 18 in Fighting
 35866 | Shoals:1 | Noticed Donald
 35898 | Shoals:1 | Killed Donald
 36558 | Shoals:1 | Noticed Roxanne
 36791 | Shoals:1 | Found a bloodstained altar of Trog.
 37108 | Shoals:1 | Killed Roxanne
 37136 | Shoals:2 | Reached XP level 18. HP: 118/125 MP: 25/25
 38388 | Shoals:2 | Found Hedod's Antique Weapon Shop.
 38950 | Shoals:3 | Reached skill level 15 in Armour
 38968 | Shoals:3 | Reached skill level 15 in Shields
 39695 | Snake:4  | Entered Level 4 of the Snake Pit
 39702 | Snake:4  | Noticed Nikola
 39799 | Snake:4  | HP: 5/126 [Nikola/arc of chain lightning (48)]
 39799 | Snake:4  | Killed Nikola
 39800 | Snake:4  | Reached skill level 5 in Dodging
 40402 | Snake:4  | Noticed Saint Roka
 41025 | Snake:4  | Noticed Agnes
 41035 | Snake:4  | Killed Agnes
 41071 | Snake:4  | Killed Saint Roka
 41072 | Snake:4  | Reached skill level 19 in Fighting
 41768 | Snake:4  | Reached XP level 19. HP: 132/132 MP: 27/27
 41833 | Snake:4  | Got a serpentine rune of Zot
 42316 | Elf:1    | Entered Level 1 of the Elven Halls
 42326 | Elf:1    | Paralysed by an air elemental for 1 turns
 42334 | Elf:1    | Paralysed by an air elemental for 1 turns
 42864 | Elf:1    | Paralysed by an air elemental for 1 turns
 42964 | Elf:1    | You are sucked into a shaft and drop 1 floor!
 43039 | Elf:2    | Found a runed translucent gate.
 43039 | Elf:2    | Found a runed translucent gate.
 43040 | Elf:2    | Found a runed translucent gate.
 43085 | Elf:2    | Found a magical portal.
 43106 | WizLab   | Entered Doroklohe's Tomb
 43555 | WizLab   | Noticed a dread lich
 43566 | WizLab   | Killed a dread lich
 44523 | Elf:1    | Paralysed by an orc sorcerer for 3 turns
 44840 | Elf:1    | HP: 3/134 [deep elf pyromancer/bolt of fire[a boggart]
                  | (13)]
 44840 | Elf:1    | Shot with an arrow by a deep elf knight

Illustrated notes

Levels and vault maps discovered:
D:1:      mrwooster_arrival_statue_2, layout_loops_ring,
          shapermc_ecumenical_altar_notcrosses, minmay_pentomino_x2
D:2:      minmay_diamond_boxcup, layout_rooms, serial_shops, shop, minivault_4,
          kennysheep_generic_room_7, uniq_sigmund
D:3:      layout_loops_ring, marbit_many_paths, cheibrodos_ashenzari_chains,
          patterned_corridor
D:4:      layout_loops_ring, nicolae_uskayaw_en_pointe, old_standard_altar,
          ebering_ghost_disaster_area, uniq_duvessa, uniq_ijyb
D:5:      layout_rooms, mainiacjoe_overflow_catch_the_wave, minmay_holes
D:6:      layout_basic, nzn_hepliaklqana_mist_gate, lemuel_crystal_altar,
          minmay_temple_entry_junction, serial_shops, nicolae_shop_scrapyard
D:7:      gammafunk_steamed_eel, layout_layer_cave,
          nicolae_overflow_hidden_temple, serial_shops, kennysheep_mini,
          minmay_manual_mullet
D:8:      layout_loops_corners, gammafunk_ghost_necromancy,
          hangedman_decor_clover_reticule, st_stairs_11,
          small_statue_intersection, minivault_27, kb_rosetta
D:9:      hellmonk_crumbling_castle, layout_basic, mainiacjoe_overflow_chevrons,
          minivault_20
D:10:     layout_stronghold, dreamdust_mushroom_princess
D:11:     layout_irregular_city, lair_entry_dummy
D:12:     layout_cave_pools, orc_0_dummy, serial_shops, shop,
          nicolae_elevator_lobby_plus, uniq_urug
D:13:     layout_loops_ring, ximxim_vaults_locker_room, lightli_elemental_guards
D:14:     layout_loops_corners, hangedman_glass_teeth,
          dreamdust_princess_corridor
D:15:     grunt_enter_depths_snipers, layout_irregular_city,
          corexii_corridor_pit, evilmike_minifort
Temple:   pf_temple_reverse_labyrinth
Lair:1:   layout_cave_pods, maelrawn_ghost_gauntlet_escape,
          nicolae_lair_lil_pond
Lair:2:   layout_cave_shapes, mainiacjoe_shoals_entry_four_pools, basic_altar,
          grunt_megastairs_3, lemuel_fruit_fields, serial_bayou_shore_b,
          serial_bayou_shore_a, uniq_maggie
Lair:3:   layout_roguey, guppyfry_snake_entry_garden,
          chequers_serial_rivers_room_b,
          hellmonk_guarded_unrand_seven_league_boots, lemuel_fruit_tree,
          infiniplex_staircase_pool
Lair:4:   layout_concentric_octagons, slime_entry_1
Lair:5:   hangedman_lair_tendril_chambers, layout_layer_cave,
          guppyfry_lair_end_dragon, uniq_josephine
Shoals:1: layout_shoals, lemuel_centaur_altar, uniq_donald, uniq_roxanne
Shoals:2: cheibrodos_shoals_baths, layout_shoals, nicolae_shoals_c_island
Shoals:3: layout_shoals
Snake:1:  layout_onion, nicolae_snake_dead_anacondas, grunt_megastairs_2,
          uniq_mlioglotl
Snake:2:  layout_honeycomb
Snake:3:  layout_concentric_octagons, serial_shops,
          nicolae_shop_bloodbath_and_beyond
Snake:4:  snake_pit, layout_basic, uniq_nikola, uniq_agnes, uniq_saint_roka
Orc:1:    layout_caves, portal_ice_cave_entry_pillars_1
Orc:2:    st_orc_elflike, layout_caves, nicolae_orc_tapped_out
Elf:1:    eino_elf_arrival_customs, layout_geoelf_grid, serial_shops, shop,
          hangedman_elf_disciples, nrook_uturn
Elf:2:    elven_hall_of_blades_hangedman_original
          [nicolae_blade_entry_hurt_lockers], layout_loops_ring,
          infiniplex_enter_wizlab_glasses

Skill      XL: |  1  2  3  4  5  6  7  8  9 10 11 12 13 14 15 16 17 18 19 |
---------------+----------------------------------------------------------+-----
Maces & Flails | 3 4 5 6 7 8 10 12 14 15 17 18 | 18.0
Fighting       | 4 5 6 7 9 10 12 13 14 16 17 18 19 | 19.7
Armour         | 4 5 6 8 10 11 13 14 15 16 | 16.4
Shields        | 5 9 11 13 14 15 16 | 16.4
Invocations    | 3 5 7 10 11 | 11.9
Stealth        | 5 10 | 10.0
Dodging        | 2 3 5 |  5.0

Action                     |  1- 3 |  4- 6 |  7- 9 | 10-12 | 13-15 | 16-18 | 19-21 || total
---------------------------+-------+-------+-------+-------+-------+-------+-------++-------
  Melee: Flail             |    71 |   192 |   218 |       |       |   947 |   101 ||  1529
         Mace              |       |       |   129 |   590 |  1375 |  1099 |       ||  3193
         Morningstar       |       |       |       |       |       |       |   413 ||   413
 Invoke: Recite            |       |       |     4 |     3 |     4 |     1 |       ||    12
  Evoke: Wand              |       |       |     1 |       |       |       |       ||     1
    Use: Scroll            |       |     5 |     4 |     4 |     7 |     9 |     5 ||    34
         Potion            |       |     3 |       |     6 |     1 |     7 |     1 ||    18
   Stab: Confused          |       |       |       |     1 |       |       |       ||     1
         Invisible         |       |       |       |       |     4 |       |       ||     4
         Paralysed         |       |       |       |       |     3 |     1 |       ||     4
         Sleeping          |       |       |       |       |       |     2 |       ||     2
 Armour: Scale mail        |    43 |   132 |    31 |       |       |       |       ||   206
         Ring mail         |       |       |   136 |   178 |       |       |       ||   314
         Chain mail        |       |       |       |   187 |   816 |  1047 |   207 ||  2257
  Dodge: Dodged            |    27 |    59 |   108 |   174 |   294 |   410 |    79 ||  1151
  Block: Buckler           |    16 |   122 |   116 |   221 |   207 |       |       ||   682
         Reflection        |       |       |     1 |    12 |    25 |   156 |    36 ||   230
         Kite shield       |       |       |       |       |   553 |  1904 |   286 ||  2743
